 Dungeon Crawl Stone Soup version 0.29.1-15-g9cfb28693d (webtiles) character file.

Game seed: 11119995214497884552

245 javelincjr the Magician (level 6, -5/43 HPs)
             Began as a Djinni Conjurer on Mar 17, 2023.
             Was a Follower of Dithmenos.
             Killed by divine providence
             ... invoked by an orc priest
              (13 damage)
             ... on level 3 of the Dungeon.
             The game lasted 00:07:27 (2335 turns).

javelincjr the Magician (Djinni Conjurer)           Turns: 2335, Time: 00:07:27

Health: -5/43      AC:  2    Str:  8    XL:     6   Next: 32%
Gold:   114        EV: 13    Int: 19    God:    Dithmenos [*.....] SH:  0 Dex: 12

rFire   + + .      SeeInvis .   h - +0 hand axe
rCold   x . .      Faith    .   (no shield)
rNeg    . . .      Spirit   .   a - +0 robe
rPois   ∞          Reflect  .   (no helmet)
rElec   .          Harm     .   (no cloak)
rCorr   +          Rampage  .   (no gloves)
Will    .....                   (boots unavailable)
Stlth   ++........              (no amulet)
HPRegen 0.14/turn               b - ring of resist corrosion
MPRegen 0.00/turn               (no ring)

@: flying, wreathed by umbra
A: sickness immunity, fire resistance 2, cold vulnerability 1, float, innate
caster, HP casting, extra vitality 1
a: Renounce Religion


You were on level 3 of the Dungeon.
You worshipped Dithmenos.
Dithmenos was aware of your devotion.
You visited 1 branch of the dungeon, and saw 3 of its levels.

You collected 114 gold pieces.

Inventory:

Hand Weapons
 h - a +0 hand axe (weapon)
Missiles
 e - a throwing net
Armour
 a - a +0 robe (worn)
 m - an orb of light
Jewellery
 b - a ring of resist corrosion (left hand)
Scrolls
 d - a scroll of summoning {unknown}
 i - a scroll of identify {unknown}
 k - a scroll of teleportation {unknown}
 n - 2 scrolls of immolation {unknown}
Potions
 c - 3 potions of heal wounds {unknown}
 f - a potion of invisibility {unknown}
 g - 2 potions of curing {unknown}
 j - 2 potions of flight {unknown}
 l - a potion of attraction {unknown}


   Skills:
 * Level 2.2 Fighting
 + Level 4.0 Dodging
 + Level 3.1 Stealth
 + Level 4.0 Spellcasting


You couldn't memorise any spells.
You knew the following spells:

 Your Spells              Type           Power      Damage    Failure   Level
a - Magic Dart            Conj           76%        1d6       2%          1
b - Searing Ray           Conj           38%        2d5       4%          2
c - Dazzling Flash        Conj/Hex       38%        N/A       8%          3
d - Fulminant Prism       Conj/Hex       9%         3d7       26%         4
e - Iskenderun's Mystic   Conj/Tloc      19%        2d6       26%         4
f - Slow                  Hex            76%        N/A       2%          1
g - Blink                 Tloc           38%        N/A       4%          2
Your spell library was empty.

Dungeon Overview and Level Annotations

Branches:
Dungeon (3/15)

Altars:
Dithmenos


Innate Abilities, Weirdness & Mutations

You are immune to sickness and miasma.
You are immune to poison.
Your flesh is very heat resistant. (rF++)
You are vulnerable to cold. (rC-)
You float through the air rather than walking.
You learn spells naturally, not from books.
Your magical power is your life essence.
You have superior vitality. (+4 MHP)


Message History

Dithmenos accepts your kill.
Your Dodging skill increases to level 4!
You start resting.
An orc comes into view. It is wielding a +0 mace.
The orc shouts!
You start removing your armour.
You continue taking off your orb of light. x2
Keep disrobing?
You continue taking off your orb of light. x2
You finish taking off your orb of light.
Casting: Searing Ray (safe; 4% risk of failure)
Confirm with . or Enter, or press ? or * to list all spells.
Aiming: Searing Ray (safe; 4% risk of failure)
Press: ? - help, Shift-Dir - straight line, f - orc
Aim: an orc, wielding a +0 mace and wearing a +0 leather armour (78% to hit)
The searing ray hits the orc.
The orc is heavily wounded. (Press . to maintain the ray.)
The orc shouts!
You hear a shout!
The searing ray misses the orc.
The orc hits you with a +0 mace.
* * * LOW HITPOINT WARNING * * *
The searing ray hits the orc!
You kill the orc!
Dithmenos accepts your kill.
* * * LOW HITPOINT WARNING * * *
Casting: Searing Ray (safe; 4% risk of failure)
Confirm with . or Enter, or press ? or * to list all spells.
Aiming: Searing Ray (safe; 4% risk of failure)
Press: ? - help, Shift-Dir - straight line, f - orc priest
Aim: an orc priest, wielding a +0 flail and wearing a +0 ring mail (81% to hit)
The searing ray hits the orc priest.
The orc priest is moderately wounded. (Press . to maintain the ray.)
* * * LOW HITPOINT WARNING * * *
The searing ray hits the orc priest!
The orc priest is severely wounded.
* * * LOW HITPOINT WARNING * * *
The orc priest calls down the wrath of Beogh upon you.
Beogh smites you!
You die...

#.....P.###.~........
......~P#_#.~.###......
....#.P.#.#P..##.........
....#.P.#.#.............
......~.P...~..........###
......⌠~~~~.~.............
####............o.#....)..
.........###......#.......
.........# #....@##)......
.####.#######.....o.......
. #.#.....#............. .
#.#~≈~~~'............. )
#.#.....#............. #
#.#######............. #..
#.............. #.#
##########.#### .#


You could see an orc priest and an orc.

Vanquished Creatures
  The ghost of mkat the Insei, an amateur TeTm of Makhleb (D:3)
  Jessica (D:2)
  An iguana (D:3)
  A gnoll (D:1)
  4 adders
  A worm (D:2)
  A dart slug (D:1)
  An orc (D:3)
  4 ball pythons (D:1)
  2 bats
  3 endoplasms
  2 hobgoblins
  6 kobolds
  2 quokkas
  A frilled lizard (D:1)
  6 goblins
  3 rats
40 creatures vanquished.

Vanquished Creatures (others)
  A goblin (D:1)
1 creature vanquished.

Grand Total: 41 creatures vanquished

Notes
Turn   | Place    | Note
-------+----------+-------------------------------------------
     0 | D:1      | javelincjr the Djinni Conjurer began the quest for the Orb.
     0 | D:1      | javelincjr set off with the following spells memorised:
                  | Magic Dart, Searing Ray, Dazzling Flash, Fulminant Prism,
                  | Iskenderun's Mystic Blast.
     0 | D:1      | Reached XP level 1. HP: 15/15 MP: 0/0
    13 | D:1      | Reached XP level 2. HP: 17/21 MP: 0/0
   500 | D:1      | Reached XP level 3. HP: 23/25 MP: 0/0
   500 | D:1      | Learned a level 1 spell: Slow
  1000 | D:2      | Noticed Jessica
  1001 | D:2      | Killed Jessica
  1002 | D:2      | Reached XP level 4. HP: 29/31 MP: 0/0
  1981 | D:3      | Reached XP level 5. HP: 29/35 MP: 0/0
  1981 | D:3      | Learned a level 2 spell: Blink
  2114 | D:3      | Found a faded altar of an unknown god.
  2138 | D:3      | Prayed at the altar of an unknown god.
  2138 | D:3      | Became a worshipper of Dithmenos the Shadowed
  2138 | D:3      | Reached * piety under Dithmenos
  2202 | D:3      | Found a runed translucent door.
  2207 | D:3      | Noticed mkat's ghost (amateur TeTm)
  2215 | D:3      | Killed mkat's ghost
  2216 | D:3      | Reached XP level 6. HP: 35/43 MP: 0/0
  2335 | D:3      | Killed from afar by an orc priest

Illustrated notes

Levels and vault maps discovered:
D:1:      amcnicky_arrival_feature_with_door, layout_basic
D:2:      layout_rooms, uniq_jessica
D:3:      layout_basic, ebering_ghost_reflecting_pool,
          shapermc_ecumenical_altar_acropolis, st_stairs_1

Skill      XL: |  1  2  3  4  5  6 |
---------------+-------------------+-----
Stealth        | 2 3 |  3.1
Dodging        | 3 4 |  4.0
Fighting       | 2 |  2.2
Spellcasting   | 4 |  4.0

Action                   |  1- 3 |  4- 6 || total
-------------------------+-------+-------++-------
Melee: Hand axe          |    13 |       ||    13
 Cast: Magic Dart        |    35 |    36 ||    71
       Searing Ray       |     1 |    12 ||    13
Armor: Robe              |     1 |     2 ||     3
Dodge: Dodged            |    15 |    17 ||    32
